 Dungeon Crawl Stone Soup version 0.22-a0-379-ga9d99d6 (webtiles) character file.

469165 mortelune the Hoplite (level 24, -8/228 HPs)
             Began as a Hill Orc Gladiator on Apr 28, 2018.
             Was the Champion of the Shining One.
             Mangled by a caustic shrike (12 damage)
             ... on level 4 of the Depths.
             The game lasted 03:15:48 (63705 turns).

mortelune the Hoplite (Hill Orc Gladiator)         Turns: 63705, Time: 03:15:48

Health: -8/228     AC:  9    Str: 33    XL:     24   Next: 63%
Magic:  0/42       EV: 15    Int: 13    God:    the Shining One [******]
Gold:   3737       SH: 31    Dex: 20    Spells: 23/23 levels left

rFire    + . .     SeeInvis .   U - +9 broad axe (flame)
rCold    + . .     Gourm    .   b - +1 large shield of the Wilderness {Dex+5}
rNeg     + + +     Faith    .   G - +4 plate armour
rPois    +         Spirit   +   h - +0 Maxwell's etheric cage {RegenMP+ *Contam rElec MP+4}
rElec    +         Reflect  +   v - scarf {Spirit}
rCorr    .         Harm     .   N - +0 pair of gloves of the Equator {rElec MR+ Str+3}
MR       ++...                  e - +2 pair of boots {run}
Stlth    ..........             a - amulet of Riur {Reflect *Contam rPois Int+3 Slay+3 SH+3}
HPRegen  0.00/turn              F - ring of Voowiwug {rF+ Str+5 Int+2} MPRegen 0.78/turn*
                                V - ring of protection from cold

@: about to teleport, corroded, glowing, quick
A: screaming 1, inhibited regeneration
}: 2/15 runes: decaying, gossamer
a: Divine Shield, Cleansing Flame, Summon Divine Warrior, Brand Weapon With Holy
Wrath, Renounce Religion


You were on level 4 of the Depths.
You worshipped the Shining One.
The Shining One was exalted by your worship.
You were not hungry.

You visited 9 branches of the dungeon, and saw 43 of its levels.
You also visited: Ossuary, Ice Cave, Volcano and Desolation.

You collected 6756 gold pieces.
You spent 3019 gold pieces at shops.

Inventory:

Hand Weapons
 U - a +9 broad axe of flaming (weapon)
Missiles
 d - 7 throwing nets
 D - 32 tomahawks (quivered)
 M - 3 javelins of returning
Armour
 b - the +1 large shield of the Wilderness (worn) {Dex+5}
   (You bought it in a shop on level 2 of the Orcish Mines)

   It affects your dexterity (+5).
 e - a +2 pair of boots of running (worn)
 h - the +0 Maxwell's etheric cage (worn) {RegenMP+ *Contam rElec MP+4}
   (You found it in the Desolation of Salt)

   It insulates you from electricity.
   It affects your magic capacity (+4).
   It causes magical contamination when unequipped.
 v - a scarf of spirit shield (worn)
 G - a +4 plate armour (worn)
 N - the +0 pair of gloves of the Equator (worn) {rElec MR+ Str+3}
   (You acquired it on level 1 of the Spider Nest)

   It affects your strength (+3).
   It insulates you from electricity.
   It affects your resistance to hostile enchantments.
Jewellery
 a - the amulet of Riur (around neck) {Reflect *Contam rPois Int+3 Slay+3 SH+3}
   (You found it in an ice cave)

   [amulet of reflection]

   It shields you and reflects attacks.
   It affects your intelligence (+3).
   It affects your accuracy and damage with ranged weapons and melee attacks
   (+3).
   It protects you from poison.
   It causes magical contamination when unequipped.
   It affects your SH (+3).
 q - the ring "Akibum" {Fire +Blink Str+3 Dex+2}
   (You bought it in a shop on level 2 of the Elven Halls)

   [ring of fire]

   It enhances your fire magic.
   It affects your strength (+3).
   It affects your dexterity (+2).
   It protects you from fire.
   It makes you vulnerable to cold.
   It lets you blink.
 F - the ring of Voowiwug (left hand) {rF+ Str+5 Int+2}
   (You found it on level 5 of the Dungeon)

   [ring of protection from fire]

   It affects your strength (+5).
   It affects your intelligence (+2).
   It protects you from fire.
 L - an uncursed ring of protection from magic
 R - the amulet of Vitality {Regen+ HP+15}
   (You took it off a spriggan air mage on level 3 of the Depths)

   [amulet of regeneration]

   It affects your health (+15).
   It increases your rate of regeneration.
 V - a ring of protection from cold (right hand)
Wands
 i - a wand of scattershot (7)
 p - a wand of digging (20)
 r - a wand of enslavement (15)
 x - a wand of paralysis (27)
 J - a wand of disintegration (30)
 O - a wand of acid (75)
 Q - a wand of iceblast (33)
 S - a wand of polymorph (60)
Scrolls
 g - 10 scrolls of fog
 l - 9 scrolls of magic mapping
 m - 5 scrolls of teleportation
 s - 4 scrolls of immolation
 u - 2 scrolls of amnesia
 y - 5 scrolls of identify
 C - 3 scrolls of summoning
 I - 17 scrolls of remove curse
 K - 8 scrolls of fear
 T - 2 scrolls of enchant weapon
Potions
 j - 8 potions of flight
 k - 6 potions of cancellation
 n - 2 potions of brilliance
 o - 6 potions of haste
 w - 4 potions of magic
 z - 6 potions of agility
 A - 2 potions of resistance
 B - 16 potions of curing
 E - 3 potions of heal wounds
 H - 3 potions of berserk rage
 Y - 7 potions of might
Miscellaneous
 t - a phantom mirror
 P - 4 boxes of beasts
 X - 2 sacks of spiders
 Z - a phial of floods
Comestibles
 c - 6 chunks of flesh
 f - 74 rations


   Skills:
 + Level 21.3 Fighting
 - Level 18.0 Axes
 - Level 8.4 Throwing
 - Level 17.3 Armour
 + Level 9.2 Dodging
 * Level 22.2 Shields
 + Level 22.0 Invocations
 + Level 10.4 Evocations


You had 23 spell levels left.
You didn't know any spells.

Dungeon Overview and Level Annotations

Branches:
Dungeon (15/15)            Temple (1/1) D:4            Lair (6/6) D:11
  Swamp (4/4) Lair:3       Spider (4/4) Lair:3        Slime (0/5) Lair:5
    Orc (2/2) D:12            Elf (3/3) Orc:2        Vaults (4/5) D:13
  Crypt (0/3) Vaults:2     Depths (4/5) D:15

Altars:
Ashenzari
Cheibriados
Dithmenos
Elyvilon
Fedhas
Gozag
Hepliaklqana
Kikubaaqudgha
Makhleb
Nemelex Xobeh
Okawaru
Qazlal
Ru
Sif Muna
Trog
Uskayaw
Vehumet
Wu Jian
Xom
Yredelemnul
Zin
The Shining One

Shops:
D:4 ?   D:11 [   Orc:2 =*([   Elf:2 =   Vaults:1 }   Vaults:3 =

Portals:
Hell: Depths:1 Depths:2 Depths:3
Pandemonium: Depths:2 Depths:3
Ziggurat: Depths:4


Innate Abilities, Weirdness & Mutations

You occasionally shout uncontrollably at your foes.
You do not regenerate when monsters are visible.


Message History

You miss the caustic shrike.
The caustic shrike is heavily wounded.
The vampire knight shouts!
You hit the caustic shrike. You slash the caustic shrike!
You burn the caustic shrike. You slash the caustic shrike!
You burn the caustic shrike.
You hear a shout! x2
You block the caustic shrike's attack. The caustic shrike claws you!!
* * * LOW HITPOINT WARNING * * *
You are splashed with acid!
The acid burns!
* * * LOW HITPOINT WARNING * * *
You block the caustic shrike's attack. The caustic shrike claws you!
* * * LOW HITPOINT WARNING * * *
You are splashed with acid!
The acid burns!
* * * LOW HITPOINT WARNING * * *
The caustic shrike closely misses you. You block the caustic shrike's attack.
Okay, then.
Okay, then.
The caustic shrike claws you!
You die...

## ##.....## #
##...#...# #
##...##...##V #
##...##...##.. #
##...##...##... #
##...##...##...#
#
##...##...##...#
#...##..)##D..#
###...##..@#...#
##.##...##.bbb.#
##...##...##.b.##
##.....##...#####
##...#...##...#
###...##...##...#
.....##...##.[[##
#...##...##...##
##.##...##..[##


You could see 4 caustic shrikes.

Vanquished Creatures
  Nikola (Elf:1)
  Arachne (Spider:2)
  Rupert (D:13)
  2 tentacled monstrosities
  Asterion (Elf:1)
  3 deep elf blademasters
  4 liches
  5 sphinxes
  A shadow dragon (Depths:3)
  3 thorn hunters
  A storm dragon (Depths:2)
  Kirke (Spider:1)
  Roxanne (Elf:1)
  5 tengu reavers
  Donald (Elf:1)
  5 fire giants
  2 orc warlords
  7 ghost moths
  Aizul (Depths:3)
  An imperial myrmidon (Desolation)
  10 deep elf sorcerers
  6 frost giants
  6 vault wardens
  2 iron dragons
  A deep elf elementalist (Elf:3)
  3 emperor scorpions
  A cacodemon (Depths:2)
  6 entropy weavers
  10 very ugly things
  6 ironheart preservers
  18 stone giants
  A war gargoyle (Vaults:2)
  8 deep elf demonologists
  Azrael (D:14)
  A lorocyproca (Depths:3)
  4 vampire knights
  2 dire elephants (Lair:6)
  10 deep elf annihilators
  A halazid warlock (Desolation)
  A spark wasp (shapeshifter) (Depths:2)
  6 spark wasps
  10 ettins
  10 fire dragons
  Josephine (Orc:1)
  A large abomination (Elf:3)
  2 crystal guardians (Desolation)
  3 merfolk impalers
  5 deep elf death magi
  5 deep elf high priests (Elf:3)
  4 ragged hierophants (Desolation)
  3 yaktaur captains
  Erolcha (D:9)
  27 hydras
  8 rakshasas
  6 vault guards
  8 great orbs of eyes
  2 servants of whispers (Desolation)
  4 ghost crabs
  6 peacekeepers (Desolation)
  5 spriggan air magi
  29 two-headed ogres
  13 ice dragons
  10 alligators
  13 centaur warriors
  2 death knights
  Urug (D:11)
  7 tengu warriors
  29 dancing weapons
  12 ogre magi
  6 death yaks (Lair:6)
  10 deep troll shamans
  2 orc high priests (Orc:2)
  A soul eater (Depths:3)
  2 spriggan berserkers
  6 deep troll earth magi
  A hell knight (Volcano)
  3 shadow wraiths
  The ghost of 4thArraOfDagon the Geomancer, a novice HaCj of Vehumet (D:8)
  Nergalle (Orc:1)
  8 iron trolls
  18 deep elf knights
  A skeletal warrior (D:13)
  A golden dragon zombie (Depths:3)
  2 small abominations (Elf:3)
  4 unseen horrors
  4 glowing orange brains
  A torturous demonspawn (Depths:2)
  4 harpies (Vaults:3)
  13 swamp dragons
  3 flayed ghosts
  7 wizards
  5 shambling mangroves
  18 deep trolls
  5 deep elf archers
  2 phantasmal warriors (D:12)
  15 orb spiders
  10 orc knights
  5 lindwurms
  An orb spider (shapeshifter) (D:13)
  13 ironbrand convokers
  5 cyclopes
  4 orc sorcerers
  24 ugly things
  2 oklob plants (D:14)
  38 wolf spiders
  5 manticores
  56 deep elf magi
  A faun (shapeshifter) (Depths:3)
  3 necromancers
  A salamander (shapeshifter) (Depths:3)
  3 guardian serpents (Desolation)
  A frost giant skeleton (Depths:3)
  2 elephants (Lair:6)
  A black mamba (shapeshifter) (Vaults:1)
  5 black mambas
  A water nymph (shapeshifter) (Depths:2)
  10 vault sentinels
  2 molten gargoyles (Volcano)
  3 ice statues
  A rust devil (Depths:3)
  An orange demon (Depths:3)
  6 rime drakes
  4 gargoyles
  16 spiny frogs
  2 kobold demonologists (D:14)
  4 torpor snails
  An ice devil (Depths:2)
  2 komodo dragons (shapeshifter)
  The ghost of Nattefrost the Skirmisher, an amateur OgHu (D:4)
  18 demonic crawlers
  19 yaktaurs
  6 freezing wraiths
  8 komodo dragons
  34 jumping spiders
  14 trolls
  6 tengu conjurers
  5 tyrant leeches
  19 hornets
  A polar bear (shapeshifter) (Depths:2)
  13 polar bears
  A troll (shapeshifter) (Depths:2)
  4 meliai
  A queen bee (Spider:4)
  A shadow dragon simulacrum (Depths:3)
  A harpy skeleton (D:15)
  A wolf spider simulacrum (D:15)
  A raiju (shapeshifter) (Elf:3)
  36 saltlings (Desolation)
  29 slime creatures
  11 bog bodies
  5 raiju (Lair:6)
  9 dream sheep
  A frost giant simulacrum (Vaults:4)
  2 hippogriffs
  2 meliai zombies
  A blink frog (shapeshifter) (Vaults:3)
  11 blink frogs
  A stone giant simulacrum (Vaults:1)
  3 air elementals
  92 redbacks
  2 spriggans
  A shadow (Swamp:2)
  A redback (shapeshifter) (D:13)
  19 humans (D:13)
  A vampire (D:12)
  3 centaur simulacra (D:15)
  16 water elementals
  25 yaks
  7 wraiths
  4 wyverns (D:11)
  3 fire elementals
  3 hogs (shapeshifter)
  8 basilisks
  19 tarantellas
  2 fire bats (Volcano)
  Grum (D:10)
  A steam dragon (D:11)
  3 hungry ghosts
  3 neqoxecs
  9 vampire mosquitoes
  9 wargs
  A soldier ant (D:13)
  18 swamp worms
  An acid dragon (shapeshifter) (Vaults:2)
  3 acid dragons
  8 insubstantial wisps
  A soldier ant (shapeshifter) (Vaults:4)
  15 water moccasins
  6 porcupines
  15 hell hounds
  14 swamp drakes
  5 sky beasts
  A black bear (shapeshifter) (Vaults:4)
  23 ice beasts
  13 black bears
  An eye of draining (D:13)
  54 orc warriors
  3 necrophages
  2 ettin simulacra
  36 ogres
  19 wolves
  12 boggarts
  2 phantoms
  12 centaurs
  8 crocodiles
  10 big kobolds
  Blork the orc (D:5)
  3 elf zombies
  4 gnoll sergeants
  20 bullfrogs
  An earth elemental (Elf:2)
  A wyvern zombie (D:13)
  6 scorpions
  A wyvern skeleton (D:10)
  27 killer bees
  11 wights
  9 electric eels
  2 howler monkeys (D:5)
  5 crimson imps
  3 bullfrog zombies
  3 centaur zombies
  7 hounds
  5 lava snakes (Volcano)
  2 quasits
  A yaktaur simulacrum (Vaults:1)
  3 jellies
  18 orc priests
  4 bullfrog skeletons
  3 iron imps (Depths:2)
  27 orc wizards
  Jessica (D:3)
  8 centaur skeletons
  8 iguanas
  A hell rat (Lair:6)
  12 worker ants
  A big kobold zombie (Ossuary)
  A hound zombie (Ossuary)
  2 hound skeletons
  3 mummies (Ossuary)
  11 gnolls
  2 worker ant zombies
  9 adders
  5 shadow imps
  A white imp (Lair:2)
  4 ufetubi (Depths:2)
  An ooze (D:1)
  An adder skeleton (D:9)
  2 adder zombies (Ossuary)
  8 worms
  2 dart slugs
  4 leopard geckos
  94 orcs
  6 giant cockroaches
  3 gnoll zombies (Ossuary)
  6 goblins
  8 hobgoblins
  16 jackals
  29 kobolds
  3 quokkas
  2 ball pythons
  6 bats
  4 frilled lizards
  2 goblin zombies (Ossuary)
  4 hobgoblin zombies (Ossuary)
  5 jackal zombies (Ossuary)
  5 kobold zombies (Ossuary)
  An orc zombie (Ossuary)
  4 quokka skeletons
  2 quokka zombies (Ossuary)
  7 rats
  5 rat zombies (Ossuary)
  A crawling corpse (Elf:3)
  7 fungi
  11 plants
2020 creatures vanquished.

Vanquished Creatures (collateral kills)
  Saint Roka (Elf:2)
  A lich (Depths:2)
  3 imperial myrmidons (Desolation)
  An emperor scorpion (Spider:1)
  Nessos (Lair:5)
  A crystal guardian (Desolation)
  2 ragged hierophants (Desolation)
  2 servants of whispers (Desolation)
  3 peacekeepers (Desolation)
  A dancing weapon (Elf:2)
  An ugly thing (D:11)
  A jumping spider (Spider:1)
  7 saltlings (Desolation)
  An orc warrior (Elf:2)
  An adder (D:11)
27 creatures vanquished.

Vanquished Creatures (others)
  A deep elf master archer (Elf:3)
  A frost giant (Depths:1)
  A vault warden (Vaults:3)
  2 stone giants
  A merfolk javelineer (Depths:3)
  3 yaktaur captains
  A hydra (Swamp:3)
  A centaur warrior (D:15)
  A deep elf knight (Vaults:2)
  A spriggan druid (Swamp:3)
  A deep elf archer (Elf:2)
  A lindwurm (Swamp:4)
  7 yaktaurs
  A meliai (shapeshifter) (D:14)
  A hornet (Swamp:3)
  A slime creature (D:15)
  A spriggan (Swamp:3)
  5 centaurs
  A kobold (D:13)
  A briar patch (Swamp:4)
  15 fungi
  34 plants
82 creatures vanquished.

Grand Total: 2129 creatures vanquished

Notes
Turn   | Place    | Note
-------+----------+-------------------------------------------
     0 | D:1      | mortelune the Hill Orc Gladiator began the quest for the Orb.
     0 | D:1      | Reached XP level 1. HP: 18/18 MP: 1/1
   251 | D:1      | Reached XP level 2. HP: 25/25 MP: 2/2
   596 | D:1      | Reached skill level 1 in Armour
   666 | D:1      | Reached XP level 3. HP: 30/30 MP: 3/3
  1092 | D:2      | Reached skill level 5 in Axes
  1131 | D:2      | Reached XP level 4. HP: 38/38 MP: 4/4
  2153 | D:3      | Reached XP level 5. HP: 13/45 MP: 5/5
  2656 | D:3      | Noticed Jessica
  2661 | D:3      | Killed Jessica
  2671 | D:3      | Identified Jessica's Handbook of Augmentations
  2855 | D:3      | Reached XP level 6. HP: 52/52 MP: 6/6
  3635 | D:4      | Found a staircase to the Ecumenical Temple.
  3789 | Temple   | Entered the Ecumenical Temple
  3884 | Temple   | Became a worshipper of the Shining One
  4034 | D:4      | Noticed Nattefrost's ghost (amateur OgHu)
  4150 | D:5      | Entered Level 5 of the Dungeon
  4167 | D:5      | Found a sand-covered staircase.
  4173 | Ossuary  | Entered an ossuary
  4200 | Ossuary  | Reached * piety under the Shining One
  4265 | Ossuary  | Reached ** piety under the Shining One
  4314 | Ossuary  | Reached XP level 7. HP: 49/60 MP: 7/7
  4532 | Ossuary  | Reached *** piety under the Shining One
  4624 | D:5      | Noticed Blork the orc
  4636 | D:5      | Killed Blork the orc
  4809 | D:5      | Reached skill level 5 in Fighting
  4927 | D:5      | Got a smoking glass ring
  5043 | D:5      | Reached XP level 8. HP: 68/68 MP: 8/8
  5214 | D:5      | Identified the ring of Voowiwug {rF+ Str+5 Int+2} (You found it on level 5 of the Dungeon)
  6300 | D:4      | Reached **** piety under the Shining One
  6432 | D:4      | Found Ugosch's Magic Scroll Shop.
  6437 | D:4      | Bought a scroll of fog for 28 gold pieces
  6437 | D:4      | Bought a scroll of brand weapon for 280 gold pieces
  6437 | D:4      | Bought a scroll of identify for 28 gold pieces
  6611 | D:4      | Found an iron altar of Okawaru.
  6611 | D:4      | Found a bloodstained altar of Trog.
  6715 | D:4      | Found a stormy altar of Qazlal.
  6729 | D:4      | Killed Nattefrost's ghost
  6729 | D:4      | Reached skill level 10 in Axes
  6729 | D:4      | Reached skill level 5 in Armour
  6729 | D:4      | Reached XP level 9. HP: 78/78 MP: 9/9
  7215 | D:4      | Found a deep blue altar of Sif Muna.
  7342 | D:7      | Reached skill level 5 in Throwing
  7357 | D:7      | Reached skill level 1 in Invocations
  8245 | D:7      | Noticed an unseen horror
  8266 | D:7      | Killed an unseen horror
  8266 | D:7      | Reached XP level 10. HP: 82/86 MP: 12/12
  8296 | D:7      | Found a hazy altar of Hepliaklqana.
  8308 | D:7      | Found a bloodstained altar of Trog.
  8314 | D:7      | Found an ornate altar of the Wu Jian Council.
  8950 | D:8      | Found a sacrificial altar of Ru.
  9278 | D:8      | Noticed a two-headed ogre
  9287 | D:8      | Killed a two-headed ogre
  9532 | D:8      | Found an opulent altar of Gozag.
  9724 | D:8      | Noticed 4thArraOfDagon's ghost (novice HaCj)
  9746 | D:8      | Found a sparkling altar of Nemelex Xobeh.
  9759 | D:8      | Killed 4thArraOfDagon's ghost
  9759 | D:8      | Reached skill level 5 in Invocations
 10527 | D:9      | Found a white marble altar of Elyvilon.
 10612 | D:9      | Reached XP level 11. HP: 68/95 MP: 15/15
 10770 | D:9      | Found an iron altar of Okawaru.
 10797 | D:9      | Noticed an unseen horror
 10804 | D:9      | Killed an unseen horror
 10982 | D:9      | Reached ***** piety under the Shining One
 11065 | D:9      | Noticed Erolcha
 11079 | D:9      | Killed Erolcha
 11238 | D:9      | Noticed a manticore
 11246 | D:9      | Killed a manticore
 11635 | D:10     | Entered Level 10 of the Dungeon
 11652 | D:10     | Noticed Grum
 11687 | D:10     | Killed Grum
 12782 | D:11     | Noticed a green ugly thing
 12799 | D:11     | Killed a green ugly thing
 12999 | D:11     | Found a frozen archway.
 13014 | IceCv    | Entered an ice cave
 13617 | IceCv    | Reached skill level 10 in Fighting
 13695 | IceCv    | Reached XP level 12. HP: 105/106 MP: 17/17
 13718 | IceCv    | Noticed an ice dragon
 13719 | IceCv    | Noticed an ice dragon
 13748 | IceCv    | Killed an ice dragon
 13757 | IceCv    | Killed an ice dragon
 14122 | IceCv    | Got an ancient bronze amulet
 14130 | IceCv    | Identified the amulet of Riur {Reflect *Contam rPois Int+3 Slay+3 SH+3} (You found it in an ice cave)
 14232 | D:11     | Noticed Urug
 14240 | D:11     | Killed Urug
 14328 | D:11     | Reached skill level 15 in Axes
 14453 | D:11     | Found a staircase to the Lair.
 15248 | D:11     | Found Tapa's Antique Armour Boutique.
 15256 | D:11     | Bought a shimmering ring mail for 261 gold pieces
 15270 | D:11     | Identified the +3 ring mail of the Okapi {rCorr Int+2} (You bought it in a shop on level 11 of the Dungeon)
 15611 | D:12     | Noticed a death knight
 15854 | Lair:1   | Entered Level 1 of the Lair of Beasts
 16678 | Lair:1   | Noticed an eight-headed hydra
 16687 | Lair:1   | Killed a four-headed hydra
 17864 | Lair:2   | Found a dark tunnel.
 17875 | Volcano  | Entered a volcano
 18129 | Volcano  | Found a burning altar of Makhleb.
 18129 | Volcano  | Noticed a two-headed ogre
 18129 | Volcano  | Noticed an ogre mage
 18129 | Volcano  | Noticed a two-headed ogre
 18129 | Volcano  | Noticed a two-headed ogre
 18133 | Volcano  | Killed a two-headed ogre
 18133 | Volcano  | Reached XP level 13. HP: 88/116 MP: 20/20
 18137 | Volcano  | Reached skill level 10 in Armour
 18299 | Volcano  | Reached skill level 10 in Invocations
 19656 | Lair:2   | Got a bound garnet amulet
 19668 | Lair:2   | Identified the amulet of Trepidation {Gourm rElec Str-5 SInv} (You found it on level 2 of the Lair of Beasts)
 19745 | Lair:3   | Found a hole to the Spider Nest.
 20323 | Lair:3   | Found a staircase to the Swamp.
 21161 | Lair:4   | Reached skill level 1 in Shields
 22327 | Lair:5   | Found a staircase to the Slime Pits.
 22440 | Lair:5   | Noticed Nessos
 22493 | Lair:5   | Reached XP level 14. HP: 100/126 MP: 22/22
 22709 | Lair:5   | Killed Nessos
 23573 | Lair:6   | Entered Level 6 of the Lair of Beasts
 23764 | Lair:6   | Got a smoking ring mail
 23765 | Lair:6   | Identified the cursed +1 ring mail of Ladwusap {Int+3} (You found it on level 6 of the Lair of Beasts)
 24039 | Lair:6   | Reached skill level 5 in Shields
 24165 | Lair:6   | Noticed a dire elephant
 24178 | Lair:6   | Killed a dire elephant
 25142 | Lair:6   | Reached XP level 15. HP: 118/136 MP: 21/24
 26221 | D:12     | Reached ****** piety under the Shining One
 26276 | D:12     | Found a staircase to the Orcish Mines.
 27132 | D:13     | Found a gate to the Vaults.
 27211 | D:13     | Noticed Rupert
 27230 | D:13     | Killed Rupert
 27452 | D:13     | Found the +7 longbow "Piercer" {penet, EV-2}
 27473 | D:13     | Paralysed by a wizard for 4 turns
 28707 | D:14     | Reached XP level 16. HP: 122/147 MP: 21/26
 28853 | D:14     | Noticed Azrael
 28868 | D:14     | Killed Azrael
 28868 | D:14     | Reached skill level 15 in Fighting
 28893 | D:14     | Found a hazy altar of Hepliaklqana.
 29005 | D:14     | Found a blossoming altar of Fedhas.
 29359 | Orc:1    | Entered Level 1 of the Orcish Mines
 29689 | Orc:2    | Entered Level 2 of the Orcish Mines
 29689 | Orc:2    | Found Dijeahot's Antique Armour Boutique.
 29770 | Orc:2    | Bought a crude large shield for 342 gold pieces
 29774 | Orc:2    | Identified the +1 large shield of the Wilderness {Dex+5} (You bought it in a shop on level 2 of the Orcish Mines)
 29827 | Orc:2    | Found Pezoehos's Jewellery Emporium.
 29847 | Orc:2    | Found a staircase to the Elven Halls.
 29920 | Orc:2    | Reached skill level 15 in Invocations
 29922 | Orc:2    | Reached skill level 10 in Shields
 29964 | Orc:2    | Found Zudita's Antique Weapon Emporium.
 30157 | Orc:2    | Found Cotsadwe's General Store.
 30188 | Orc:2    | Bought a potion of heal wounds for 75 gold pieces
 30550 | Orc:2    | Bought a smoking scale mail for 324 gold pieces
 30560 | Orc:2    | Identified the +2 scale mail of Boriq {Str+4} (You bought it in a shop on level 2 of the Orcish Mines)
 30605 | Orc:2    | Bought a +4 ring of evasion for 540 gold pieces
 30634 | Orc:1    | Noticed Nergalle
 30642 | Orc:1    | Killed Nergalle
 30651 | Orc:1    | Noticed Josephine
 30666 | Orc:1    | Killed Josephine
 31142 | Swamp:1  | Entered Level 1 of the Swamp
 32278 | Swamp:2  | Noticed a thorn hunter
 32283 | Swamp:2  | Killed a thorn hunter
 33269 | Swamp:3  | Reached XP level 17. HP: 146/157 MP: 26/28
 33274 | Swamp:3  | Noticed a tentacled monstrosity
 33601 | Swamp:2  | Killed a tentacled monstrosity
 34880 | Swamp:4  | Entered Level 4 of the Swamp
 35954 | Swamp:4  | Reached skill level 15 in Armour
 36355 | Swamp:4  | Got a decaying rune of Zot
 36754 | D:15     | Entered Level 15 of the Dungeon
 36986 | D:15     | Reached XP level 18. HP: 162/168 MP: 28/30
 37377 | D:15     | Found a staircase to the Depths.
 37882 | Spider:1 | Entered Level 1 of the Spider Nest
 38319 | Spider:1 | Identified a scroll of acquirement
 38328 | Spider:1 | Got a pair of ichor-stained gloves
 38334 | Spider:1 | Identified the +0 pair of gloves of the Equator {rElec MR+ Str+3} (You acquired it on level 1 of the Spider Nest)
 38841 | Spider:1 | Noticed Kirke
 38876 | Spider:1 | Killed Kirke
 39063 | Spider:2 | Noticed Arachne
 39074 | Spider:2 | Killed Arachne
 40147 | Spider:3 | Reached skill level 15 in Shields
 40903 | Spider:4 | Entered Level 4 of the Spider Nest
 41020 | Spider:4 | Reached XP level 19. HP: 147/177 MP: 29/31
 42486 | Spider:4 | Got a gossamer rune of Zot
 42954 | Elf:1    | Entered Level 1 of the Elven Halls
 42967 | Elf:1    | Noticed Donald
 42973 | Elf:1    | Killed Donald
 43062 | Elf:1    | Found a ruined gateway.
 43067 | Elf:1    | Noticed Nikola
 43077 | Elf:1    | Killed Nikola
 43114 | Desolati | Entered the Desolation of Salt
 43663 | Desolati | Found the +0 Maxwell's etheric cage {RegenMP+ *Contam rElec MP+4}
 43687 | Desolati | Got a brightly glowing platinum ring
 43688 | Desolati | Identified the ring "Iprer" {Ice rPois Dex+4} (You found it in the Desolation of Salt)
 43695 | Desolati | Got a clouded zirconium amulet
 43696 | Desolati | Identified the amulet "Yveaduipt" {Reflect rF+ Str+4 Dex+2 SH+3 SInv} (You found it in the Desolation of Salt)
 43838 | Desolati | Reached XP level 20. HP: 156/188 MP: 33/33
 43866 | Desolati | Identified Coinapra's Almanac of Assistive Intoxication
 43891 | Desolati | Identified the ring of Xipsus {rPois Dex+2} (You found it in the Desolation of Salt)
 43918 | Desolati | Found the amulet of the Four Winds {rN+ MR+++ Clar}
 43946 | Desolati | Identified a +2 pair of boots of running (You found it in the Desolation of Salt)
 44743 | Elf:1    | Noticed Roxanne
 44754 | Elf:1    | Killed Roxanne
 44806 | Elf:1    | Noticed a Tzitzimitl
 44925 | Elf:1    | Identified the Almanac of Supportive Attacks
 45212 | Elf:1    | Noticed Asterion
 45221 | Elf:1    | Killed Asterion
 45663 | Elf:2    | Noticed Saint Roka
 45688 | Elf:2    | Killed Saint Roka
 46353 | Elf:2    | Found Ifajeg's Jewellery Boutique.
 46366 | Elf:2    | Bought the ring "Akibum" {Fire +Blink Str+3 Dex+2} for 693 gold pieces
 46505 | Elf:2    | Found a huge runed gate.
 46505 | Elf:2    | Found a huge runed gate.
 46505 | Elf:2    | Found a huge runed gate.
 46505 | Elf:2    | Found a huge runed gate.
 46505 | Elf:2    | Found a huge runed gate.
 46552 | Elf:2    | Reached skill level 1 in Evocations
 47581 | Elf:3    | Entered Level 3 of the Elven Halls
 48245 | Elf:3    | Reached XP level 21. HP: 187/198 MP: 34/34
 48903 | Elf:3    | Found the +2 pair of boots of the Assassin {Detection Stab+ Stlth++}
 48970 | Elf:3    | Got a faintly humming plate armour
 48976 | Elf:3    | Identified the cursed +1 plate armour of Kindness {rPois MP-9 Str+2 Int+4} (You found it on level 3 of the Elven Halls)
 49070 | Elf:3    | Identified Lyptopes's Beginning Course on Magic
 49121 | Elf:3    | Got a transparent steel ring
 49122 | Elf:3    | Identified the ring of Departure {rElec rN+ SInv} (You found it on level 3 of the Elven Halls)
 49519 | Vaults:1 | Entered Level 1 of the Vaults
 50156 | Vaults:1 | Found Puqez's Gadget Boutique.
 50171 | Vaults:1 | Bought a wand of digging (12) for 448 gold pieces
 51161 | Vaults:2 | Reached skill level 5 in Evocations
 51275 | Vaults:2 | Reached skill level 5 in Dodging
 51379 | Vaults:2 | Found a staircase to the Crypt.
 51771 | Vaults:2 | Paralysed by a sphinx for 4 turns
 51790 | Vaults:2 | Identified the Handbook of Enchantment and the Glacier
 51805 | Vaults:2 | Identified the Tome of Feathers and Changing
 52151 | Vaults:2 | Reached XP level 22. HP: 199/206 MP: 36/36
 52814 | Vaults:3 | Paralysed by a sphinx for 7 turns
 53438 | Vaults:3 | Found Sid Jis's Jewellery Shop.
 54187 | Vaults:4 | Got a pitted silver ring
 54198 | Vaults:4 | Identified the ring of Ficog {rN+ Dex+6} (You found it on level 4 of the Vaults)
 55109 | Depths:1 | Entered Level 1 of the Depths
 55919 | Depths:1 | Found a gateway to Hell.
 56015 | Depths:1 | Reached XP level 23. HP: 201/216 MP: 37/37
 58583 | Depths:2 | Found a one-way gate leading to the halls of Pandemonium.
 58601 | Depths:2 | Gained mutation: You do not regenerate when monsters are visible. [a neqoxec]
 60199 | Depths:2 | Found a one-way gate leading to the halls of Pandemonium.
 60750 | Depths:2 | Found the +7 Spriggan's Knife {MR+ EV+4 Dex+4 Stlth+}
 61026 | Depths:3 | Noticed Aizul
 61048 | Depths:3 | Killed Aizul
 61102 | Depths:3 | Reached XP level 24. HP: 170/226 MP: 37/37
 61221 | Depths:3 | Gained mutation: You occasionally shout uncontrollably at your foes. [a neqoxec]
 62130 | Depths:3 | Reached skill level 10 in Evocations
 63178 | Depths:4 | Found a gateway to a ziggurat.
 63691 | Depths:4 | Noticed a caustic shrike
 63691 | Depths:4 | Noticed a caustic shrike
 63691 | Depths:4 | Noticed a caustic shrike
 63691 | Depths:4 | Noticed a caustic shrike
 63704 | Depths:4 | HP: 9/228 [caustic shrike (9)]
 63704 | Depths:4 | HP: 4/228 [acid (5)]
 63705 | Depths:4 | Mangled by a caustic shrike

Vault maps used:
D:1:      grunt_arrival_crossed_arrows, minmay_tiny_reverse_x
D:2:      nicolae_underground_beach
D:3:      first_ration, serial_bayou_pond_e, kennysheep_jessica_study
D:4:      grunt_temple_overflow_bloody_war, lemuel_coloured_pillars_altar,
          nicolae_qazlal_eye_of_the_storm, minmay_temple_entry_overgrown,
          serial_shops, shop
D:5:      nicolae_ossuary_entry_plus, uniq_blork_the_orc
D:7:      lemuel_crystal_altar, lemuel_round_altar, basic_altar
D:8:      nicolae_ru_great_annihilating_truth, lemuel_doored_altar,
          old_standard_altar
D:9:      elyvilon_altar_5, basic_altar, uniq_erolcha
D:10:     grunt_pizzeria, minmay_misc_feat_hallway, uniq_grum
D:11:     erik_lair_dragon, serial_shops, shop, portal_ice_cave_entry_pillars_1,
          uniq_urug
D:12:     kennysheep_orc_monster_closet_entryway
D:13:     grunt_vaults_entry_tiered, grunt_decor_arrowhead, minmay_evil_grid,
          uniq_rupert
D:14:     basic_altar, st_stairs_3, grunt_decor_resistance,
          hangedman_tree_tricks, uniq_azrael
D:15:     grunt_enter_depths_magical_seal, abandoned_shop, minivault_12
Temple:   minmay_temple_bridge_abc
Lair:1:   beast_lair_carwin_large_1
Lair:2:   nicolae_volcano_entry_hallway, ice2_lemuel
Lair:3:   minmay_swamp_entry_eels, nicolae_spider_entry_non_spiders
Lair:5:   cheibrodos_lair_river_kwai, minmay_slime_entry_pillars, uniq_nessos
Lair:6:   hangedman_lair_in_review, hangedman_lair_caniforms_friends
Swamp:1:  nicolae_swamp_triple_paths, swamp_pool4
Swamp:2:  evilmike_swamp_ruin_house_2, infiniplex_staircase_pool
Swamp:3:  nicolae_swamp_round_clearing
Swamp:4:  swamp_alternative
Spider:1: uniq_kirke
Spider:2: uniq_arachne
Spider:4: grunt_spider_rune_island, spider_trap, nicolae_looking_at_the_future
Orc:1:    uniq_josephine, uniq_nergalle
Orc:2:    grunt_orc_gardens, grunt_orc_garden, grunt_orc_garden,
          grunt_orc_garden, grunt_orc_garden
Elf:1:    portal_desolation_entry_nicolae_slug, minmay_elf_sorcery,
          uniq_roxanne, uniq_nikola, uniq_donald, uniq_asterion
Elf:2:    serial_shops, shop, uniq_saint_roka
Elf:3:    minmay_elf_hall_dome
Vaults:1: vaults_dpeg_diagonal, nicolae_vaults_network_s, v_misc_31,
          vaults_room_corners, ontoclasm_vaults_ring_large, v_misc_4,
          nicolae_vaults_little_squares_4, serial_shops, nicolae_shop_trees
Vaults:2: ontoclasm_vaults_twist, v_alt_pattern_2, ontoclasm_vaults_bender,
          v_misc_17, v_misc_25, st_hourglassy, grunt_vaults_hallway_short,
          nicolae_vaults_little_squares_4, v_rooms_1,
          nicolae_vaults_diagonal_hallway_8, v_misc_29,
          hangedman_vaults_stretched_pinwheel, vaults_dpeg_hooks,
          dummy_crypt_entry
Vaults:3: v_pattern_2, vaults_dpeg_ring, ontoclasm_vaults_fire_temple, v_misc_8,
          nicolae_vaults_alarming, grunt_vaults_swirl, ontoclasm_vaults_eye,
          v_misc_12, vaults_room_pools, v_misc_32, v_alt_pattern_4,
          vaults_room_stairs_pillars, v_alt_pattern_3, serial_shops, shop
Vaults:4: ontoclasm_vaults_gateway, v_pattern_5, v_misc_12, v_alt_pattern_4,
          vaults_dpeg_doors, serial_ice_g, nicolae_vaults_stairing_the_circle,
          nicolae_vaults_little_squares_2, ontoclasm_vaults_shuriken, v_misc_27,
          v_misc_12, grunt_vaults_hallway_short
Depths:1: minmay_misc_feat_x, hell_entry, serial_bayou, serial_bayou_lagoon_a,
          serial_bayou_ford_a, serial_bayou_crossing, serial_bayou_pond_b,
          st_stairs_7, nrook_mini_backslash, kennysheep_inner_square
Depths:2: minmay_nested_s, grunt_pan_entry_spiral, grunt_hell_entry_dis_mu,
          infiniplex_staircase_zigzag_4
Depths:3: minmay_the_grid_triangle_9x9_recursive_2, kennysheep_another_room,
          rand_demon_pan_entry_8, hangedman_tar_grid_catacomb,
          grunt_ministairs_8, st_stairs_7, uniq_aizul
Depths:4: hangedman_grunt_twisty_little_passages, enter_ziggurat_e,
          minmay_room_of_horrors, hell_entry
Ossuary:  minmay_ossuary_two_tombs
IceCv:    ice_cave_small_dragons
Volcano:  volcano_lake

Skill      XL: |  1  2  3  4  5  6  7  8  9 10 11 12 13 14 15 16 17 18 19 20 21 22 23 24 |
---------------+-------------------------------------------------------------------------+-----
Throwing       | 2 3 4 5 6 7 8 |  8.4
Armour         | 1 2 3 5 6 7 8 9 10 12 13 14 15 16 17 | 17.3
Fighting       | 3 4 5 6 7 8 10 11 12 13 14 15 16 17 18 19 20 21 | 21.3
Axes           | 5 6 7 8 10 11 13 14 16 17 18 | 18.0
Invocations    | 3 5 7 9 11 12 14 15 16 17 18 19 20 21 22 | 22.0
Shields        | 2 6 9 11 13 15 17 18 19 20 21 22 | 22.2
Evocations     | 2 5 7 9 10 | 10.4
Dodging        | 3 5 7 8 9 |  9.2

Action                   |  1- 3 |  4- 6 |  7- 9 | 10-12 | 13-15 | 16-18 | 19-21 | 22-24 || total
-------------------------+-------+-------+-------+-------+-------+-------+-------+-------++-------
Melee: War axe           |    77 |   215 |   264 |    41 |       |       |       |       ||   597
       Battleaxe         |       |       |       |   526 |   121 |       |       |       ||   647
       Broad axe         |       |       |       |       |   726 |  1177 |  1078 |  1010 ||  3991
Throw: Throwing net      |       |       |       |     3 |       |       |       |       ||     3
       Javelin           |       |       |       |     1 |     2 |    53 |    42 |       ||    98
       Tomahawk          |       |       |       |       |       |    14 |    18 |    23 ||    55
Invok: Divine Shield     |       |       |       |     7 |     3 |     2 |     3 |     2 ||    17
       Cleansing Flame   |       |       |       |     1 |     3 |     3 |     1 |       ||     8
       Summon Divine War |       |       |       |     1 |     1 |     1 |     6 |     1 ||    10
Evoke: Wand              |       |       |       |       |    28 |       |       |     1 ||    29
  Use: Scroll            |     1 |     1 |    14 |    13 |    12 |    10 |    15 |    12 ||    78
       Potion            |       |     1 |       |     8 |     6 |     1 |       |     2 ||    18
  Eat: Chunk             |     1 |     8 |     9 |    12 |    32 |    31 |    22 |    29 ||   144
       Ration            |       |       |     2 |     7 |     1 |     3 |     4 |     2 ||    19
Armor: Leather armour    |     4 |       |       |       |       |       |       |       ||     4
       Ring mail         |    35 |   111 |    38 |       |       |       |       |       ||   184
       Plate armour      |       |       |    89 |   269 |   322 |    33 |       |   106 ||   819
       Ice dragon scales |       |       |       |    84 |    88 |       |    99 |   151 ||   422
       Scale mail        |       |       |       |       |       |   300 |   101 |       ||   401
Dodge: Dodged            |    57 |   148 |   119 |   261 |   261 |   418 |   203 |   265 ||  1732
Block: Other             |       |       |       |    40 |    21 |       |       |       ||    61
       Shield            |       |       |       |       |   495 |    90 |       |       ||   585
       Reflection        |       |       |       |       |    25 |    43 |    58 |    99 ||   225
       Large shield      |       |       |       |       |       |  1485 |  1073 |  1189 ||  3747

Table legend:
 A = Spawn XP
 B = Non-spawn XP
 C = Spawn XP percentage of total XP
 D = Spawn monster count
 E = Non-spawn monster count
 F = Spawn count percentage of total count
 G = Total turns spent on level
                    A         B        C        D         E        F      G
               +---------+---------+-------+---------+---------+-------+---------
         Total |       0 |  915413 |   0.0 |       0 |    2058 |   0.0 | 63705
               +---------+---------+-------+---------+---------+-------+---------
           D:1 |       0 |      34 |   0.0 |       0 |      18 |   0.0 |   842
           D:2 |       0 |     104 |   0.0 |       0 |      31 |   0.0 |  1172
           D:3 |       0 |     259 |   0.0 |       0 |      24 |   0.0 |  1700
           D:4 |       0 |     786 |   0.0 |       0 |      19 |   0.0 |  1297
           D:5 |       0 |     652 |   0.0 |       0 |      21 |   0.0 |  1121
           D:6 |       0 |     476 |   0.0 |       0 |      12 |   0.0 |   766
           D:7 |       0 |    2239 |   0.0 |       0 |      28 |   0.0 |  1246
           D:8 |       0 |    3041 |   0.0 |       0 |      47 |   0.0 |  1705
           D:9 |       0 |    4466 |   0.0 |       0 |      28 |   0.0 |  1370
          D:10 |       0 |    1845 |   0.0 |       0 |      18 |   0.0 |   788
          D:11 |       0 |    3214 |   0.0 |       0 |      18 |   0.0 |  2397
          D:12 |       0 |   12435 |   0.0 |       0 |      61 |   0.0 |  1587
          D:13 |       0 |   24209 |   0.0 |       0 |     100 |   0.0 |  1755
          D:14 |       0 |   15001 |   0.0 |       0 |      54 |   0.0 |  1323
          D:15 |       0 |   23737 |   0.0 |       0 |      54 |   0.0 |  1282
        Lair:1 |       0 |    4641 |   0.0 |       0 |      21 |   0.0 |  1750
        Lair:2 |       0 |    4356 |   0.0 |       0 |      23 |   0.0 |  1079
        Lair:3 |       0 |    5788 |   0.0 |       0 |      27 |   0.0 |  1659
        Lair:4 |       0 |    4175 |   0.0 |       0 |      11 |   0.0 |   905
        Lair:5 |       0 |   11234 |   0.0 |       0 |      37 |   0.0 |  1568
        Lair:6 |       0 |   30965 |   0.0 |       0 |     105 |   0.0 |  1925
       Swamp:1 |       0 |    8037 |   0.0 |       0 |      21 |   0.0 |   876
       Swamp:2 |       0 |   18249 |   0.0 |       0 |      37 |   0.0 |  1624
       Swamp:3 |       0 |   17305 |   0.0 |       0 |      47 |   0.0 |  1672
       Swamp:4 |       0 |   28791 |   0.0 |       0 |      51 |   0.0 |  1039
      Spider:1 |       0 |   23192 |   0.0 |       0 |      66 |   0.0 |  1200
      Spider:2 |       0 |   12474 |   0.0 |       0 |      22 |   0.0 |  1083
      Spider:3 |       0 |   22322 |   0.0 |       0 |      55 |   0.0 |   828
      Spider:4 |       0 |   45874 |   0.0 |       0 |     107 |   0.0 |  1774
         Orc:1 |       0 |    7178 |   0.0 |       0 |      53 |   0.0 |   490
         Orc:2 |       0 |   11333 |   0.0 |       0 |      57 |   0.0 |  1013
         Elf:1 |       0 |   42639 |   0.0 |       0 |      52 |   0.0 |  1663
         Elf:2 |       0 |   44276 |   0.0 |       0 |      62 |   0.0 |  1872
         Elf:3 |       0 |   52135 |   0.0 |       0 |      43 |   0.0 |  1676
      Vaults:1 |       0 |   21289 |   0.0 |       0 |      51 |   0.0 |  1602
      Vaults:2 |       0 |   39911 |   0.0 |       0 |      62 |   0.0 |  1354
      Vaults:3 |       0 |   60614 |   0.0 |       0 |      74 |   0.0 |  1413
      Vaults:4 |       0 |   27798 |   0.0 |       0 |      45 |   0.0 |  1070
      Depths:1 |       0 |   30518 |   0.0 |       0 |      40 |   0.0 |  2434
      Depths:2 |       0 |  104411 |   0.0 |       0 |     106 |   0.0 |  3894
      Depths:3 |       0 |   72093 |   0.0 |       0 |      75 |   0.0 |  1280
      Depths:4 |       0 |   20391 |   0.0 |       0 |      28 |   0.0 |   439
       Ossuary |       0 |     366 |   0.0 |       0 |      37 |   0.0 |   446
         IceCv |       0 |    5261 |   0.0 |       0 |      20 |   0.0 |  1184
       Volcano |       0 |    6834 |   0.0 |       0 |      15 |   0.0 |  1085
    Desolation |       0 |   38465 |   0.0 |       0 |      75 |   0.0 |  1243
               +---------+---------+-------+---------+---------+-------+---------
